 Dungeon Crawl Stone Soup version 0.31-a0-702-gf82c85558f (webtiles) character file.

Game seed: 13211034206991256282

4886 qw the Skirmisher (level 10, -3/64 HPs)
             Began as a Gargoyle Hunter on Sept 8, 2023.
             Slain by Prince Ribbit (13 damage)
             ... on level 8 of the Dungeon.
             The game lasted 00:02:39 (6008 turns).

qw the Skirmisher (Gargoyle Hunter)                 Turns: 6008, Time: 00:02:39

Health: -3/64      AC: 13    Str: 18    XL:     10   Next: 50%
Magic:  10/10      EV: 13    Int:  8    God:
Gold:   417        SH:  5    Dex: 16    Spells: 9/9 levels left

rFire   . . .        m - +2 shortbow (heavy)
rCold   . . .        (shield currently unavailable)
rNeg    + + .        p - +1 ring mail {Will+}
rPois   inf          (helmet restricted)
rElec   +            (no cloak)
rCorr   .            (no gloves)
SInv    .            (no boots)
Will    +....        h - amulet of reflection
Stlth   +            j - ring of positive energy
HPRegen 0.30/turn    (no ring)
MPRegen 0.12/turn

%: reflection
@: flying
A: sickness immunity, AC +7, negative energy resistance 1, electricity
resistance, torment resistance 1, petrification resistance, antennae 1, big
wings, dopey 1, strong 1
a: no special abilities


You were on level 8 of the Dungeon.
You visited 2 branches of the dungeon, and saw 9 of its levels.
You also visited: Sewer.

You collected 495 gold pieces.
You spent 78 gold pieces at shops.


Innate Abilities, Weirdness & Mutations

You are immune to sickness and miasma.
Your stone body is resilient. (AC +7)
You are immune to poison.
You resist negative energy. (rN+)
You are resistant to electric shocks. (rElec)
You are resistant to unholy torment.
You are immune to petrification.
You have a pair of small antennae on your head.
Your large and strong wings let you fly.
You are dopey. (Int -2)
Your muscles are strong. (Str +4, Int/Dex -1)


   Skills:
 - Level 8.1 Fighting
 + Level 12.6 Ranged Weapons
 - Level 2.1 Armour
 - Level 4.8 Dodging
 - Level 1.1 Stealth


You had 9 spell levels left.
You didn't know any spells.
Your spell library was empty.

Inventory:

Hand Weapons
 m - a +2 heavy shortbow (weapon)
Armour
 o - +0 steam dragon scales
 p - a +1 ring mail of willpower (worn)
Jewellery
 c - a ring of ice
 h - an amulet of reflection (around neck)
 j - a ring of positive energy (left hand)
Scrolls
 b - a scroll of brand weapon
 g - 3 scrolls of identify
Potions
 d - 3 potions of haste
 f - 3 potions of curing
 i - a potion of mutation
 k - 2 potions of cancellation
 n - 4 potions of enlightenment

Dungeon Overview and Level Annotations

Branches:
Dungeon (8/15)             Temple (1/1) D:6           Sewer (visited)
   Lair: D:8-11

Altars:
Ashenzari
Dithmenos
Elyvilon
Fedhas
Gozag
Hepliaklqana
Kikubaaqudgha
Ru
Trog
Uskayaw
Vehumet
Wu Jian
Xom
Yredelemnul
Zin
The Shining One

Shops:
D:3 *

Annotations:
D:4 2 transporters
D:8 Grum, Joseph, Prince Ribbit


Message History

Joseph zaps a wand.
The puff of flame hits you.
There is a stone staircase leading down here.
You shoot an arrow. The arrow hits the orc!
You kill the orc!
Joseph shoots a sling bullet.
The sling bullet hits you.
6004 |||
Found retreat position at -1,-1 (Prince Ribbit; floor) with 0 blocking monsters and 3 monsters attacking at destination at distance 1 You shoot an arrow.
The arrow hits Prince Ribbit.
Prince Ribbit is lightly wounded.
Prince Ribbit blinks!
The orc warrior hits you but does no damage.
Prince Ribbit barely misses you. You block the orc warrior's attack.
6005 |||
Found retreat position at -1,-1 (Prince Ribbit; floor) with 0 blocking monsters and 3 monsters attacking at destination at distance 1 You shoot an arrow.
The arrow hits Prince Ribbit!
Prince Ribbit is heavily wounded.
Prince Ribbit hits you but does no damage.
Joseph shoots a sling bullet.
You block the sling bullet with an invisible shield... and reflect it back!
The sling bullet hits Joseph.
You block Prince Ribbit's attack.
The orc warrior hits you but does no damage.
Joseph shoots a sling bullet.
The sling bullet hits you but does no damage.
6006 |||
Found retreat position at -1,-1 (Prince Ribbit; floor) with 0 blocking monsters and 3 monsters attacking at destination at distance 1 You shoot an arrow.
The arrow misses Prince Ribbit.
Prince Ribbit hits you but does no damage.
You block the orc warrior's attack.
Joseph shoots a sling bullet.
The sling bullet barely misses you.
6007 |||
Found retreat position at -1,-1 (Prince Ribbit; floor) with 0 blocking monsters and 2 monsters attacking at destination at distance 1 You shoot an arrow.
The arrow barely misses Prince Ribbit.
Prince Ribbit hits you.
The orc warrior hits you but does no damage.
You block the orc's attack. Prince Ribbit closely misses you.
Joseph shoots a sling bullet.
The sling bullet hits you!
6008 |||
Found retreat position at -1,-1 (Prince Ribbit; floor) with 0 blocking monsters and 3 monsters attacking at destination at distance 1 You shoot an arrow.
The arrow hits Prince Ribbit!
Prince Ribbit is severely wounded.
Prince Ribbit closely misses you. The orc warrior barely misses you.
You block the orc's attack.
Joseph shoots a sling bullet.
The sling bullet hits you but does no damage.
Prince Ribbit hits you!
You die...

.......## #.. .
.......###... ..
.......#.... ...
..........# ....
###.........#
.....#............
ยค..........o......
#......F#<.......
##....##@o.......
##..# #.........
#.. #......... ...
.@.....#.. ...[
........# . ....
.<......# ##..
...........
...........


You could see Joseph, Prince Ribbit, an orc warrior and an orc.

Vanquished Creatures
  2 two-headed ogres
  Pikel (D:7)
  Maggie (D:7)
  2 steam dragons
  3 water moccasins
  Duvessa (D:7)
  A sky beast (D:7)
  An ogre (D:4)
  An ice beast (D:5)
  2 orc warriors (D:7)
  3 wolves (D:8)
  2 centaurs
  A lemure (D:7)
  4 scorpions
  3 bullfrogs (D:7)
  A wight (D:7)
  Dowan (D:7)
  A howler monkey (D:7)
  2 hounds
  A jelly (D:7)
  An orc priest (D:6)
  8 iguanas
  Jessica (D:3)
  2 sleepcaps
  9 orc wizards
  10 adders
  4 river rats (Sewer)
  2 ufetubi
  A worm (D:6)
  4 dart slugs
  21 orcs
  15 ball pythons
  12 bats
  6 endoplasms
  10 giant cockroaches
  3 goblins (D:1)
  10 hobgoblins
  12 jackals
  6 kobolds
  6 quokkas
  2 frilled lizards
  9 rats
188 creatures vanquished.

Vanquished Creatures (others)
  A gnoll (D:7)
1 creature vanquished.

Grand Total: 189 creatures vanquished

Notes
Turn   | Place    | Note
-------+----------+-------------------------------------------
     0 | D:1      | qw the Gargoyle Hunter began the quest for the Orb.
     0 | D:1      | Reached XP level 1. HP: 12/12 MP: 1/1
     0 | D:1      | 0 ||| qw: Version: 0.3-a-76-g4403597
     0 | D:1      | 0 ||| qw: Game counter: 999
     0 | D:1      | 0 ||| qw: Melee chars always use a shield: true
     0 | D:1      | 0 ||| qw: God list: Okawaru
     0 | D:1      | 0 ||| qw: Allow faded altars: false
     0 | D:1      | 0 ||| qw: Do Orc after clearing Dungeon:15 true
     0 | D:1      | 0 ||| qw: Do second Lair branch before Depths: true
     0 | D:1      | 0 ||| qw: Lair rune preference: random
     0 | D:1      | 0 ||| qw: Goals: Normal
     0 | D:1      | 0 ||| PLANNING D:1-11
    61 | D:1      | 61 ||| Stepping ~*~*~tactically~*~*~ (water).
    85 | D:1      | Reached XP level 2. HP: 17/17 MP: 2/2
   346 | D:1      | Reached XP level 3. HP: 21/21 MP: 3/3
   362 | D:1      | Reached skill level 5 in Ranged Weapons
   793 | D:1      | 793 ||| READING 2 scrolls labelled TOANAG RIFARUI.
   794 | D:1      | 794 ||| READING 2 scrolls labelled DAVA FUAMUON.
   795 | D:1      | 795 ||| READING scroll labelled CULIC ZECVALO.
   796 | D:1      | 796 ||| DROPPING scroll of immolation.
   797 | D:1      | 797 ||| DROPPING scroll of butterflies.
   829 | D:2      | Reached skill level 3 in Fighting
  1448 | D:2      | Reached XP level 4. HP: 28/28 MP: 4/4
  1475 | D:2      | 1475 ||| READING scroll labelled UNAWNA SAIGHOA.
  1863 | D:3      | Noticed Jessica
  1866 | D:3      | Killed Jessica
  1893 | D:3      | Identified the +1 robe of Acre Imof {Int+4}
  2131 | D:3      | Found Jihergh's General Store.
  2143 | D:3      | 2143 ||| BUYING potion of curing (39 gold).
  2143 | D:3      | Bought a potion of curing for 39 gold pieces
  2143 | D:3      | 2143 ||| BUYING scroll of teleportation (39 gold).
  2143 | D:3      | Bought a scroll of teleportation for 39 gold pieces
  2252 | D:3      | 2252 ||| DROPPING +1 robe of Acre Imof {Int+4}.
  2253 | D:3      | 2253 ||| UPGRADING to +0 ring mail.
  2263 | D:3      | 2263 ||| DROPPING +0 leather armour.
  2264 | D:3      | 2264 ||| READING 2 scrolls of identify.
  2264 | D:3      | 2264 ||| IDENTIFYING grey potion
  2417 | D:3      | 2417 ||| READING scroll of enchant weapon.
  2417 | D:3      | 2417 ||| ENCHANTING +1 shortbow.
  2619 | D:4      | Noticed an ogre
  2620 | D:4      | 2620 ||| Stepping ~*~*~tactically~*~*~ (retreating).
  2630 | D:4      | Reached skill level 1 in Armour
  2630 | D:4      | Reached XP level 5. HP: 25/32 MP: 5/5
  2741 | D:4      | Found a transporter.
  2755 | D:4      | HP: 3/32 [ogre/+0 giant club (20)]
  2756 | D:4      | 2756 ||| READING 2 scrolls of teleportation.
  2759 | D:4      | Killed an ogre
  2760 | D:4      | Reached skill level 6 in Ranged Weapons
  2760 | D:4      | Reached XP level 6. HP: 4/37 MP: 6/6
  2928 | D:4      | Noticed a kobold demonologist
  2935 | D:4      | Found a transporter.
  3217 | D:4      | Reached skill level 7 in Ranged Weapons
  3217 | D:4      | Reached XP level 7. HP: 39/44 MP: 7/7
  3272 | D:4      | 3272 ||| UPGRADING to +0 helmet.
  3277 | D:4      | 3277 ||| UPGRADING to amulet of regeneration.
  3282 | D:4      | 3282 ||| UPGRADING to ring of positive energy.
  3283 | D:4      | 3283 ||| DROPPING +6 ring of intelligence.
  3284 | D:4      | 3284 ||| DRINKING 2 golden potions.
  3285 | D:4      | 3285 ||| READING 2 scrolls of identify.
  3285 | D:4      | 3285 ||| IDENTIFYING glowing silvery potion
  3286 | D:4      | 3286 ||| DROPPING potion of brilliance.
  3307 | D:5      | Entered Level 5 of the Dungeon
  3867 | D:5      | Reached skill level 8 in Ranged Weapons
  4156 | D:5      | 4156 ||| READING scroll labelled YCLYUT SINECWE.
  4157 | D:5      | 4157 ||| DRINKING 2 green potions.
  4157 | D:5      | Gained mutation: You are dopey. (Int -2) [potion of
                  | mutation]
  4157 | D:5      | Gained mutation: Your large and strong wings let you fly.
                  | [potion of mutation]
  4157 | D:5      | Gained mutation: Your muscles are strong. (Str +4, Int/Dex
                  | -1) [potion of mutation]
  4157 | D:5      | Gained mutation: You have a pair of small antennae on your
                  | head. [potion of mutation]
  4158 | D:5      | 4158 ||| DROPPING +0 helmet.
  4184 | D:6      | Found a glowing drain.
  4185 | D:6      | 4185 ||| PLANNING SEWER
  4207 | Sewer    | Entered a sewer
  4667 | Sewer    | 4667 ||| READING 2 scrolls labelled NIGHOFF ROTWA.
  4668 | Sewer    | 4668 ||| READING scroll labelled LIATAE ZURIC.
  4669 | Sewer    | 4669 ||| READING 2 scrolls of identify.
  4669 | Sewer    | 4669 ||| IDENTIFYING amethyst potion
  4701 | D:6      | 4701 ||| PLANNING D:1-11
  4714 | D:6      | Found a staircase to the Ecumenical Temple.
  4715 | D:6      | 4715 ||| PLANNING TEMPLE
  4730 | D:6      | Reached XP level 8. HP: 49/49 MP: 8/8
  4732 | Temple   | Entered the Ecumenical Temple
  4733 | Temple   | 4733 ||| PLANNING D:1-11
  4777 | D:6      | Noticed a two-headed ogre
  4782 | D:6      | Killed a two-headed ogre
  4783 | D:6      | Reached skill level 10 in Ranged Weapons
  4892 | D:6      | 4892 ||| DRINKING 2 potions of curing.
  4892 | D:6      | 4892 ||| (to cure confusion)
  4902 | D:6      | Reached XP level 9. HP: 52/54 MP: 9/9
  4927 | D:6      | 4927 ||| DROPPING +1 sling of freezing.
  5070 | D:6      | Reached skill level 6 in Fighting
  5177 | D:6      | Found a blossoming altar of Fedhas.
  5225 | D:7      | 5225 ||| FLEEEEING.
  5227 | D:7      | 5227 ||| STAIRDANCE
  5242 | D:7      | 5242 ||| STAIRDANCE
  5252 | D:7      | 5252 ||| STAIRDANCE
  5286 | D:7      | 5286 ||| FLEEEEING.
  5287 | D:7      | 5287 ||| FLEEEEING.
  5289 | D:7      | 5289 ||| STAIRDANCE
  5296 | D:6      | 5296 ||| UPGRADING to +0 steam dragon scales.
  5306 | D:6      | 5306 ||| DROPPING +0 ring mail.
  5316 | D:7      | Noticed a two-headed ogre
  5322 | D:7      | HP: 14/57 [two-headed ogre/+0 dire flail (7)]
  5323 | D:7      | 5323 ||| READING scroll of teleportation.
  5324 | D:7      | Killed a two-headed ogre
  5403 | D:7      | Noticed Pikel
  5404 | D:7      | 5404 ||| RETREATING.
  5409 | D:7      | 5409 ||| Stepping ~*~*~tactically~*~*~ (retreating).
  5410 | D:7      | 5410 ||| Stepping ~*~*~tactically~*~*~ (retreating).
  5411 | D:7      | 5411 ||| Stepping ~*~*~tactically~*~*~ (retreating).
  5412 | D:7      | 5412 ||| Stepping ~*~*~tactically~*~*~ (retreating).
  5419 | D:7      | Killed Pikel
  5420 | D:7      | Reached skill level 11 in Ranged Weapons
  5420 | D:7      | Reached XP level 10. HP: 44/63 MP: 10/10
  5592 | D:7      | Noticed Duvessa
  5593 | D:7      | 5593 ||| RETREATING.
  5593 | D:7      | Noticed Dowan
  5594 | D:7      | Noticed Maggie
  5611 | D:7      | Killed Duvessa
  5614 | D:7      | HP: 4/64 [Maggie/bolt of fire (20)]
  5615 | D:7      | 5615 ||| DRINKING 2 potions of heal wounds.
  5627 | D:7      | Killed Maggie
  5640 | D:7      | Killed Dowan
  5765 | D:7      | Reached skill level 12 in Ranged Weapons
  5899 | D:7      | 5899 ||| UPGRADING to +1 ring mail of willpower.
  5909 | D:7      | 5909 ||| UPGRADING to amulet of reflection.
  5919 | D:7      | 5919 ||| DROPPING amulet of regeneration.
  5920 | D:7      | 5920 ||| READING scroll labelled POVIADOCUL.
  5920 | D:7      | Identified a scroll of acquirement
  5920 | D:7      | 5920 ||| ACQUIRING 1215 gold pieces
  5920 | D:7      | Acquired 1215 gold pieces
  5921 | D:7      | 5921 ||| READING 4 scrolls of identify.
  5921 | D:7      | 5921 ||| IDENTIFYING inky potion
  5922 | D:7      | 5922 ||| DROPPING potion of attraction.
  5975 | D:8      | Noticed Grum
  5976 | D:8      | 5976 ||| Stepping ~*~*~tactically~*~*~ (outnumbered).
  5992 | D:8      | HP: 16/64 [Grum/-1 spear (11)]
  5993 | D:8      | 5993 ||| DRINKING potion of heal wounds.
  5996 | D:8      | Noticed Prince Ribbit
  5998 | D:8      | 5998 ||| Stepping ~*~*~tactically~*~*~ (outnumbered).
  5998 | D:8      | Noticed Joseph
  5999 | D:8      | 5999 ||| Stepping ~*~*~tactically~*~*~ (outnumbered).
  6001 | D:8      | 6001 ||| Stepping ~*~*~tactically~*~*~ (retreating).
  6002 | D:8      | 6002 ||| Stepping ~*~*~tactically~*~*~ (retreating).
  6007 | D:8      | HP: 10/64 [Joseph/sling bullet (13)]
  6008 | D:8      | Slain by Prince Ribbit

Levels and vault maps discovered:
D:1:      dpeg_arrival_water_fire, layout_basic, serial_glass, glass_columns_c,
          glass_columns_b, glass_columns_c, glass_columns_a, hex_tiny
D:2:      layout_basic
D:3:      kennysheep_big_flooded_room, layout_loops_corners, serial_shops, shop,
          uniq_jessica
D:4:      gammafunk_wand_slinger, layout_basic
D:5:      layout_basic
D:6:      layout_rooms, kennysheep_mini, minmay_temple_entry_crystal_x,
          cheibrodos_sewer_entry_drain, minmay_stone_trees_medium
D:7:      minmay_s_stair_smasher, layout_rooms, uniq_maggie, uniq_pikel,
          uniq_duvessa
D:8:      layout_layer_cave, mainiacjoe_overflow_alcove_4, uniq_jeremiah,
          uniq_grum, uniq_joseph, uniq_prince_ribbit1
Temple:   eino_wide_crystal_templ

Skill      XL: |  1  2  3  4  5  6  7  8  9 10 |
---------------+-------------------------------+-----
Ranged Weapons | 5 6 7 8 10 11 12 | 12.6
Fighting       | 3 4 5 7 8 |  8.1
Armour         | 1 2 |  2.1
Dodging        | 2 4 |  4.8
Stealth        | |  1.1

Action                     |  1- 3 |  4- 6 |  7- 9 | 10-12 || total
---------------------------+-------+-------+-------+-------++-------
   Fire: Shortbow          |   109 |   119 |   317 |   107 ||   652
    Use: Scroll            |     3 |     4 |     6 |     2 ||    15
         Potion            |       |       |     3 |     2 ||     5
 Armour: Leather armour    |    15 |    16 |       |       ||    31
         Ring mail         |       |    42 |   148 |    40 ||   230
         Steam dragon scal |       |       |    11 |    62 ||    73
  Dodge: Dodged            |    23 |    46 |    90 |    87 ||   246
  Block: Other             |       |       |       |    19 ||    19
         Reflection        |       |       |       |     1 ||     1

Table legend:
 A = Non-vault XP
 B = Vault XP
 C = Vault XP percentage of total XP
 D = Non-vault monster count
 E = Vault monster count
 F = Vault count percentage of total count
                 A         B        C        D         E       F
            +---------+---------+-------+---------+---------+-------
      Total |    3228 |    3753 |  53.8 |     121 |      66 |  35.3
            +---------+---------+-------+---------+---------+-------
        D:1 |      57 |       0 |   0.0 |      32 |       0 |   0.0
        D:2 |      25 |       0 |   0.0 |       8 |       0 |   0.0
        D:3 |      27 |      40 |  59.7 |      14 |       3 |  17.6
        D:4 |     477 |       0 |   0.0 |      11 |       0 |   0.0
        D:5 |     314 |       0 |   0.0 |      19 |       0 |   0.0
        D:6 |    1517 |       9 |   0.6 |      15 |       3 |  16.7
        D:7 |     631 |    3205 |  83.6 |      20 |      20 |  50.0
        D:8 |     180 |     346 |  65.8 |       2 |       3 |  60.0
      Sewer |       0 |     153 | 100.0 |       0 |      37 | 100.0
            +---------+---------+-------+---------+---------+-------
